 Dungeon Crawl Stone Soup version 0.29-a0-284-gf9362112df (webtiles) character file.

Game seed: 12484048931715942623

124 sokol815 the Chopper (level 4, -2/35 HPs)
             Began as a Demonspawn Monk on Mar 24, 2022.
             Slain by an orc
             ... wielding a +0 war axe
              (8 damage)
             ... on level 5 of the Dungeon.
             The game lasted 00:05:32 (3062 turns).

sokol815 the Chopper (Demonspawn Monk)              Turns: 3062, Time: 00:05:33

Health: -2/35      AC: 12    Str: 11    XL:     4   Next: 81%
Magic:  4/4        EV:  2    Int: 14    God:
Gold:   194        SH:  0    Dex: 15    Spells: 3/3 levels left

rFire   . . .      SeeInvis .   a - +2 short sword (speed)
rCold   . . .      Faith    .   (no shield)
rNeg    . . .      Spirit   .   f - +0 plate armour
rPois   .          Reflect  .   j - +0 helmet
rElec   .          Harm     .   (no cloak)
rCorr   .          Rampage  .   k - +0 pair of gloves
Will    .....                   (no boots)
Stlth   ..........              (no amulet)
HPRegen 0.11/turn               (no ring)
MPRegen 0.18/turn               (no ring)

@: hasted, very quick
A: spiny 1, magic regeneration
a: no special abilities


You were on level 5 of the Dungeon.
You visited 1 branch of the dungeon, and saw 5 of its levels.

You collected 194 gold pieces.

Inventory:

Hand Weapons
 a - a +2 short sword of speed (weapon)
   (You took it off a kobold on level 2 of the Dungeon)
 c - a +2 short sword of protection
   (You found it on level 2 of the Dungeon)
 i - a +0 hand axe
 m - a +0 morningstar
   (You took it off an orc on level 4 of the Dungeon)
Missiles
 h - 3 poisoned darts
 s - 62 stones
Armour
 b - a +0 robe
 d - a +0 scale mail
   (You found it on level 1 of the Dungeon)
 f - a +0 plate armour (worn)
   (You found it on level 1 of the Dungeon)
 j - a +0 helmet (worn)
   (You found it on level 3 of the Dungeon)
 k - a +0 pair of gloves (worn)
   (You found it on level 3 of the Dungeon)
 n - an orb of light
   (You found it on level 4 of the Dungeon)
Jewellery
 e - an amulet of faith
   (You found it on level 1 of the Dungeon)
Scrolls
 g - 2 scrolls of identify {@r1}
 l - a scroll of summoning {unknown}
 D - 2 scrolls of blinking {!r}
Potions
 B - a potion of brilliance
 G - a potion of ambrosia {!q}
 M - a potion of might
 U - a potion of mutation {!q}


   Skills:
 - Level 3.0 Fighting
 * Level 2.0 Short Blades
 - Level 3.8 Axes
 - Level 2.6 Dodging
 * Level 3.1 Stealth


You had 3 spell levels left.
You didn't know any spells.
Your spell library contained the following spells:

 Spells                   Type           Power      Damage    Failure   Level
 Slow                     Hex            0%         N/A       100%        1
 Confusing Touch          Hex            0%         N/A       100%        3
 Vampiric Draining        Necr           0%         2d6       100%        3


Dungeon Overview and Level Annotations

Branches:
Dungeon (5/15)
 Temple: D:4-7

Altars:
Fedhas
Makhleb
Qazlal
Xom
Zin

Shops:
D:3 :

Annotations:
D:3 1 runed translucent door, Dvallin's ghost, amateur FoHu
D:4 Grinder


Innate Abilities, Weirdness & Mutations

You are partially covered in sharp spines.
You regenerate magic rapidly.


Message History

l - a potion of mutation;
U - a potion of mutation A giant cockroach comes into view.
Found 23 gold pieces.
Found a burning altar of Makhleb.
An endoplasm comes into view.
The endoplasm quivers.
You hit the giant cockroach.
The giant cockroach is struck by your spines.
The giant cockroach completely misses you.
You barely miss the giant cockroach.
The giant cockroach is struck by your spines.
You kill the giant cockroach!
Found a blossoming altar of Fedhas.
The endoplasm barely misses you.
You hit the endoplasm. The endoplasm is struck by your spines.
The endoplasm hits you but does no damage.
You barely miss the endoplasm. You hit the endoplasm but do no damage.
The endoplasm is struck by your spines.
You kill the endoplasm!
No target in view!
No target in view!
g - a scroll of identify {@r1} You now have 171 gold pieces (gained 8).
You now have 176 gold pieces (gained 5).
You now have 183 gold pieces (gained 7).
You now have 194 gold pieces (gained 11).
An orc comes into view. It is wielding a +0 morningstar.
You closely miss the orc. You hit the orc.
You kill the orc!
No target in view!
No target in view!
l - a scroll labelled RAENAE OTEUXE
Things that are here:
a +0 morningstar; an orc corpse
m - a +0 morningstar You see here an orb of light.
n - an orb of light
D - 2 scrolls of blinking {!r} (gained 1)
g - 2 scrolls of identify {@r1} (gained 1)
Found a stone staircase leading up.
Okay, then.
Found a stone staircase leading down.
Found a stormy altar of Qazlal.
Grinder comes into view.
Grinder shouts!
Here: Grinder A stormy altar of Qazlal.
Here: Grinder A stormy altar of Qazlal.
There is a stone staircase leading down here.
Grinder says, "DUCK!"
You climb downwards.
The orc shouts! x2; The orc priest shouts!
The orc shouts!
The iguana hisses angrily.
There is a stone staircase leading up here.
The orc barely misses you. The orc is struck by your spines.
The orc hits you with a +0 mace.
You take 1 damage, and have 34/35 hp.
You barely miss the orc. You puncture the orc!
You kill the orc!
You hit the iguana but do no damage. You hit the iguana but do no damage.
The iguana bites you!
You take 10 damage, and have 24/35 hp.
MASSIVE DAMAGE!!
You hit the iguana. The iguana bites you.
You take 3 damage, and have 21/35 hp.
You feel yourself speed up. The iguana is struck by your spines.
The iguana barely misses you.
You hit the iguana. You barely miss the iguana.
The iguana is struck by your spines. The iguana bites you.
You take 1 damage, and have 20/35 hp.
You hit the iguana. You barely miss the iguana. The iguana bites you.
You take 1 damage, and have 19/35 hp.
You hit the iguana but do no damage. You hit the iguana but do no damage.
The iguana bites you.
You take 6 damage, and have 13/35 hp.
You hit the iguana.
You kill the iguana!
Your Short Blades skill increases to level 2!
Your Stealth skill increases to level 3!
The orc priest hits you but does no damage.
You see here a +0 mace.
You hit the orc priest. You barely miss the orc priest.
The orc priest is struck by your spines.
The orc priest hits you but does no damage.
You hit the orc priest. You hit the orc priest.
The orc priest is struck by your spines.
The orc priest hits you but does no damage.
The orc barely misses you.
You hit the orc priest. You barely miss the orc priest.
The orc priest calls down the wrath of Beogh upon you.
Pain shoots through your body!
* * * LOW HITPOINT WARNING * * *
The orc hits you with a +0 war axe!
You die...

#### #.. #.#
########.#
.......#@#
......ooo#.#
.......<...#
?......###.....
....... .####
....... #
#######


You could see an orc priest and 2 orcs.

Vanquished Creatures
  An iguana (D:5)
  2 adders
  3 worms
  A dart slug (D:1)
  8 orcs
  6 endoplasms
  4 giant cockroaches
  3 goblins
  5 hobgoblins
  7 jackals
  5 kobolds
  2 ball pythons
  3 bats
  4 frilled lizards
  A rat (D:3)
55 creatures vanquished.

Vanquished Creatures (others)
  A plant (D:2)
1 creature vanquished.

Grand Total: 56 creatures vanquished

Notes
Turn   | Place    | Note
-------+----------+-------------------------------------------
     0 | D:1      | sokol815 the Demonspawn Monk began the quest for the Orb.
     0 | D:1      | Reached XP level 1. HP: 18/18 MP: 1/1
   282 | D:1      | Reached skill level 3 in Axes
   385 | D:1      | Gained mutation: You regenerate magic rapidly. [demonic
                  | ancestry]
   385 | D:1      | Reached XP level 2. HP: 24/24 MP: 2/2
  1263 | D:2      | Gained mutation: You are partially covered in sharp spines.
                  | [demonic ancestry]
  1263 | D:2      | Reached XP level 3. HP: 29/29 MP: 3/3
  1657 | D:2      | Reached skill level 2 in Stealth
  2011 | D:3      | Found a faded altar of an unknown god.
  2063 | D:3      | Reached skill level 1 in Short Blades
  2358 | D:3      | Reached XP level 4. HP: 35/35 MP: 4/4
  2366 | D:3      | Found Veumme Jath's Book Emporium.
  2510 | D:3      | Found a runed translucent door.
  2531 | D:3      | Noticed Dvallin's ghost (amateur FoHu)
  2625 | D:3      | Noticed an angel
  2652 | D:3      | Found a shimmering altar of Xom.
  2944 | D:4      | Found a burning altar of Makhleb.
  2948 | D:4      | Found a blossoming altar of Fedhas.
  3033 | D:4      | Found a stormy altar of Qazlal.
  3034 | D:4      | Noticed a water elemental
  3034 | D:4      | Noticed Grinder
  3039 | D:5      | Entered Level 5 of the Dungeon
  3056 | D:5      | Reached skill level 2 in Short Blades
  3056 | D:5      | Reached skill level 3 in Stealth
  3062 | D:5      | HP: 6/35 [orc priest/nerve-wracking pain (7)]
  3062 | D:5      | Slain by an orc

Illustrated notes

Levels and vault maps discovered:
D:1:      scummos_arrival_hexagon, layout_loops_corners, minmay_tromino_v4_b
D:2:      layout_basic, serial_bayou_lagoon_b
D:3:      layout_basic, grunt_temple_overflow_order_and_chaos_1,
          hellmonk_ecumenical_altar_lost_god, ebering_ghost_reflecting_pool,
          serial_shops, shop
D:4:      layout_loops_ring, nicolae_qazlal_style_of_elements,
          jmf_multi_god_temple, uniq_grinder
D:5:      cheibrodos_fertilizer, layout_basic, hangedman_ru_absence,
          minmay_stone_trees_large, nicolae_concentric_dashed_squares_mild,
          uniq_pikel

Skill      XL: |  1  2  3  4 |
---------------+-------------+-----
Axes           | 3 |  3.8
Stealth        | 2 3 |  3.1
Short Blades   | 1 2 |  2.0
Fighting       | |  3.0
Dodging        | |  2.6

Action                   |  1- 3 |  4- 6 || total
-------------------------+-------+-------++-------
Melee: Hand axe          |    75 |       ||    75
       Short sword       |    52 |    48 ||   100
Throw: Stone             |    10 |       ||    10
  Use: Scroll            |     6 |     2 ||     8
       Potion            |       |     1 ||     1
 Stab: Sleeping          |     1 |       ||     1
Armor: Scale mail        |    18 |       ||    18
       Robe              |     2 |       ||     2
       Plate armour      |    53 |    22 ||    75
Dodge: Dodged            |    35 |     8 ||    43

Table legend: (Time is in decaauts)
 A = Elapsed time spent in this place.
 B = Non-inter-level travel time spent in this place.
 C = Inter-level travel time spent in this place.
 D = Time resting spent in this place.
 E = Time spent auto-exploring this place.
 F = Levels seen in this place.
 G = Mean time per level.
                   A        B        C        D        E       F      G
               +--------+--------+--------+--------+--------+-----+--------+
         Total |   3060 |   3014 |     46 |    544 |   2027 |   5 |  612.0 |
       Dungeon |   3060 |   3014 |     46 |    544 |   2027 |   5 |  612.0 |
               +--------+--------+--------+--------+--------+-----+--------+

Top non-repeatable levels by time:
     D:1: 1429 daAuts
     D:3: 872 daAuts
     D:2: 589 daAuts
     D:4: 154 daAuts
     D:5: 14 daAuts

Table legend:
 A = Kills in this place as a percentage of kills in entire the game.
 B = Kills by you in this place as a percentage of kills by you in the entire game.
 C = Kills by friends in this place as a percentage of kills by friends in the entire game.
 D = Other kills in this place as a percentage of other kills in the entire game.
 E = Experience gained in this place as a percentage of experience gained in the entire game.
 F = Experience gained in this place divided by the number of levels of this place that you have seen.
                   A       B       C       D       E      F
               +-------+-------+-------+-------+-------+----------------------
         Total | 100.0 | 100.0 |   N/A |   N/A | 100.0 |  35.6
       Dungeon | 100.0 | 100.0 |   N/A |   N/A | 100.0 |  35.6
               +-------+-------+-------+-------+-------+----------------------
